 Dungeon Crawl Stone Soup version 0.29-a0-350-g7790a0e70a (webtiles) character file.

Game seed: 2608622751545659544

75 sammy202020 the Skirmisher (level 4, -2/39 HPs)
             Began as a Palentonga Fighter on Apr 23, 2022.
             Slain by a goblin
             ... wielding a +0 dagger of speed
             ... led by Robin
              (3 damage)
             ... on level 3 of the Dungeon.
             The game lasted 00:01:50 (1798 turns).

sammy202020 the Skirmisher (Palentonga Fighter)     Turns: 1798, Time: 00:01:51

Health: -2/39      AC:  7    Str: 19    XL:     4   Next: 11%
Magic:  4/4        EV:  7    Int: 10    God:
Gold:   112        SH:  4    Dex: 10    Spells: 3/3 levels left

rFire   . . .      SeeInvis +   a - +0 war axe
rCold   . . .      Faith    .   c - +0 buckler
rNeg    . . .      Spirit   .   b - +0 scale mail
rPois   .          Reflect  .   (no helmet)
rElec   .          Harm     .   (no cloak)
rCorr   .          Rampage  .   i - +0 pair of gloves
Will    .....                   (no barding)
Stlth   ..........              (no amulet)
HPRegen 0.13/turn               (no ring)
MPRegen 0.09/turn               (no ring)

@: mighty
A: large, rugged brown scales 3, see invisible, deformed body, roll 1, armoured
tail
a: Rolling Charge


You were on level 3 of the Dungeon.
You visited 1 branch of the dungeon, and saw 3 of its levels.

You collected 112 gold pieces.

Inventory:

Hand Weapons
 a - a +0 war axe (weapon)
 o - a +0 flail
Armour
 b - a +0 scale mail (worn)
 c - a +0 buckler (worn)
 i - a +0 pair of gloves (worn)
 r - a +2 robe of cold resistance
Scrolls
 e - a scroll of teleportation {unknown}
 g - 2 scrolls of identify {unknown}
 h - a scroll of summoning {unknown}
 l - a scroll of vulnerability {unknown}
 m - a scroll of magic mapping {unknown}
 p - a scroll of acquirement {unknown}
Potions
 d - 2 potions of might
 f - a potion of flight {unknown}
 j - 4 potions of magic {unknown}
 k - 2 potions of berserk rage {unknown}
 n - 2 potions of heal wounds {unknown}
 q - a potion of lignification {unknown}


   Skills:
 * Level 3.7 Fighting
 * Level 2.8 Axes
 + Level 2.7 Armour
 + Level 0.8 Dodging
 + Level 2.7 Shields


You had 3 spell levels left.
You didn't know any spells.
Your spell library was empty.

Dungeon Overview and Level Annotations

Branches:
Dungeon (3/15)

Altars:


Innate Abilities, Weirdness & Mutations

You are completely covered in rugged brown scales. (AC +3, +7% HP)
You have supernaturally acute eyesight. (SInv)
Armour fits poorly on your strangely shaped body.
You can roll at nearby foes to attack.
You have a long armoured tail.


Message History

You slash the hobgoblin!
You kill the hobgoblin!
You closely miss the goblin. You barely miss the goblin.
You closely miss the goblin. The goblin hits you but does no damage.
The goblin barely misses you. You block the goblin's attack.
The goblin hits you with a +0 dagger of speed.
You hit Robin.
Robin is lightly wounded.
You miss the goblin. You hit the goblin.
You kill the goblin!
You barely miss the goblin. You block the goblin's attack.
The goblin hits you with a +0 club.
A goblin comes into view. It is wielding a +0 club.
Robin hits you with a +0 club.
* * * LOW HITPOINT WARNING * * *
A goblin comes into view. It is wielding a +0 club.
The goblin hits you but does no damage.
You slice Robin!!
You kill Robin!
You closely miss the goblin. You barely miss the goblin.
You block the goblin's attack.
A hobgoblin comes into view.
The goblin hits you with a +0 dagger of speed.
* * * LOW HITPOINT WARNING * * *
The goblin hits you with a +0 dagger of speed.
* * * LOW HITPOINT WARNING * * *
The hobgoblin hits you.
* * * LOW HITPOINT WARNING * * *
The goblin hits you with a +0 club.
* * * LOW HITPOINT WARNING * * *
A goblin comes into view. It is wielding a +0 club.
You have reached level 4!
You feel agile.
You slash the hobgoblin!
You kill the hobgoblin!
You closely miss the goblin. You slash the goblin!
You kill the goblin!
The goblin barely misses you.
The goblin hits you with a +0 dagger of speed.
You die... #. .######. .## ..... .......† ..g #..... #####..# #g# #..... #..# g.g

#.##.# ##..# #g#
#.##.##.###...#
#..##.g###.##.##..>.....
......g@)..##.# ##....
.......#g..##.######..##
....$##............#..##
.... #..#..............
(.# #...######.####..##
. #....# #.# #..# #....#
#.# #..# #.....# #.#
#..# ...... #.# #...


You could see 2 hobgoblins and 6 goblins.

Vanquished Creatures
  Robin (D:3)
  3 adders
  A dart slug (D:2)
  6 endoplasms
  A giant cockroach (D:2)
  6 goblins
  5 hobgoblins
  6 bats
  2 frilled lizards (D:1)
  3 kobolds (D:2)
  4 rats
38 creatures vanquished.

Notes
Turn   | Place    | Note
-------+----------+-------------------------------------------
     0 | D:1      | sammy202020 the Palentonga Fighter began the quest for the
                  | Orb.
     0 | D:1      | Reached XP level 1. HP: 19/19 MP: 1/1
   708 | D:1      | Reached XP level 2. HP: 25/25 MP: 2/2
  1099 | D:2      | Reached XP level 3. HP: 24/31 MP: 3/3
  1213 | D:2      | Found a faded altar of an unknown god.
  1790 | D:3      | Noticed Robin
  1797 | D:3      | Killed Robin
  1797 | D:3      | HP: 1/32 [goblin/+0 club[Robin] (2)]
  1798 | D:3      | Reached XP level 4. HP: 1/39 MP: 4/4
  1798 | D:3      | Slain by a goblin

Illustrated notes

Levels and vault maps discovered:
D:1:      nzn_arrival_crosshair, layout_loops_ring, minivault_19
D:2:      layout_loops_ring, ebering_ecumenical_altar_hall
D:3:      layout_loops_ring, mainiacjoe_overflow_alcove_1,
          minmay_misc_feat_secret_circle, st_stairs_14,
          nicolae_concentric_dashed_squares_wild, minmay_pentangle, uniq_robin

Action                   |  1- 3 |  4- 6 || total
-------------------------+-------+-------++-------
Melee: War axe           |    80 |     1 ||    81
       Tailslap          |     9 |       ||     9
  Use: Potion            |     1 |       ||     1
Armor: Scale mail        |    46 |       ||    46
Dodge: Dodged            |    32 |     1 ||    33
Block: Buckler           |    22 |       ||    22

Table legend: (Time is in decaauts)
 A = Elapsed time spent in this place.
 B = Non-inter-level travel time spent in this place.
 C = Inter-level travel time spent in this place.
 D = Time resting spent in this place.
 E = Time spent auto-exploring this place.
 F = Levels seen in this place.
 G = Mean time per level.
                   A        B        C        D        E       F      G
               +--------+--------+--------+--------+--------+-----+--------+
         Total |   1829 |   1760 |     69 |      0 |   1510 |   3 |  609.7 |
       Dungeon |   1829 |   1760 |     69 |      0 |   1510 |   3 |  609.7 |
               +--------+--------+--------+--------+--------+-----+--------+

Top non-repeatable levels by time:
     D:2: 830 daAuts
     D:1: 789 daAuts
     D:3: 210 daAuts
